 Dungeon Crawl Stone Soup version 0.25-a0-797-g0023389 (webtiles) character file.

Game seed: 58597719702117531, levelgen mode: deterministic

25605 JarJarBinks the Spear-Bearer (level 13, -1/109 HPs)
             Began as a Merfolk Gladiator on Apr 18, 2020.
             Was a High Priest of Okawaru.
             Slain by a crocodile (5 damage)
             ... on level 5 of the Lair of Beasts.
             The game lasted 00:51:44 (23723 turns).

JarJarBinks the Spear-Bearer (Merfolk Gladiator)   Turns: 23723, Time: 00:51:45

Health: -1/109     AC: 11    Str: 14    XL:     13   Next: 20%
Magic:  13/13      EV: 23    Int:  8    God:    Okawaru [*****.]
Gold:   497        SH: 14    Dex: 20    Spells: 12/12 levels left

rFire    . . .     SeeInvis .   a - +8 trident
rCold    . . .     Gourm    .   d - +2 kite shield
rNeg     . . .     Faith    .   k - +0 ring mail
rPois    .         Spirit   .   c - +0 helmet
rElec    .         Reflect  .   O - +1 cloak
rCorr    .         Harm     .   y - +2 pair of gloves
MR       .....                  (boots currently unavailable)
Stlth    ++........             (no amulet)
HPRegen  0.28/turn              (no ring)
MPRegen  0.13/turn              (no ring)

@: lethally poisoned (-1 -> -13), about to teleport, very quick
A: change form in water, swift swim, stealthy swim
a: Heroism, Finesse, Renounce Religion


You were on level 5 of the Lair of Beasts.
You worshipped Okawaru.
Okawaru was extremely pleased with you.
You were not hungry.

You visited 4 branches of the dungeon, and saw 18 of its levels.

You collected 819 gold pieces.
You spent 322 gold pieces at shops.

Inventory:

Hand Weapons
 a - a +8 trident (weapon)
 j - a +0 dagger of venom
Missiles
 e - 53 poisoned darts (quivered)
 l - 9 atropa-tipped darts
Armour
 b - a +0 leather armour
 c - a +0 helmet (worn)
 d - a +2 kite shield (worn)
 k - a +0 ring mail (worn)
 r - a +1 pair of boots (melded)
 y - a +2 pair of gloves (worn)
 E - a +0 pair of gloves
 H - a +0 buckler
 K - a +0 cloak
 L - a +2 scale mail of poison resistance
 O - a +1 cloak (worn)
Jewellery
 o - an uncursed amulet of guardian spirit
 s - an uncursed amulet of rage
 N - an uncursed ring of protection from cold {unknown}
Wands
 t - a wand of polymorph (8)
 A - a wand of enslavement (9)
 D - a wand of flame (21)
 G - a wand of random effects (30)
 M - a wand of acid (9)
Scrolls
 g - 5 scrolls of teleportation
 n - 7 scrolls of amnesia
 p - 7 scrolls of remove curse
 w - 4 scrolls of identify
 C - 2 scrolls of magic mapping
Potions
 i - 2 potions of curing
 m - 2 potions of flight {unknown}
 q - a potion of might {unknown}
 u - 3 potions of cancellation {unknown}
 v - 3 potions of heal wounds {unknown}
 x - 3 potions of mutation {unknown}
 z - a potion of stabbing {unknown}
 B - 2 potions of degeneration {unknown}
 F - a potion of experience {unknown}
 I - 2 potions of berserk rage {unknown}
 J - a potion of ambrosia {unknown}
 P - 2 potions of haste {unknown}
Comestibles
 f - 5 rations


   Skills:
 + Level 12.7 Fighting
 - Level 14.3 Polearms
 - Level 8.5 Throwing
 - Level 11.7 Dodging
 - Level 10.4 Shields


You had 12 spell levels left.
You didn't know any spells.
Your spell library contained the following spells:

 Spells                   Type           Power        Failure   Level  Hunger
 Animate Skeleton         Necr           N/A          86%         1    ##.....
 Apportation              Tloc           #.....       86%         1    ##.....
 Corona                   Hex            #......      86%         1    ##.....
 Freeze                   Ice            #...         86%         1    ##.....
 Summon Small Mammal      Summ           #...         86%         1    ##.....
 Call Imp                 Summ           #.......     94%         2    ###....
 Ensorcelled Hibernation  Hex/Ice        #.....       94%         2    ###....
 Passwall                 Tmut/Erth      #.......     94%         2    ###....
 Poisonous Vapours        Pois/Air       #.....       94%         2    ###....
 Swiftness                Chrm/Air       #.......     94%         2    ###....
 Call Canine Familiar     Summ           #.......     99%         3    ####...
 Confusing Touch          Hex            #.......     99%         3    ####...
 Conjure Flame            Conj/Fire      #.......     99%         3    ####...
 Dazzling Flash           Conj/Hex       #.....       99%         3    ####...
 Frozen Ramparts          Ice            #.....       99%         3    ####...
 Mephitic Cloud           Conj/Pois/Air  #.......     99%         3    ####...
 Ozocubu's Armour         Chrm/Ice       #.......     99%         3    ####...
 Summon Guardian Golem    Hex/Summ       #.......     99%         3    ####...
 Tukima's Dance           Hex            #.......     99%         3    ####...
 Hailstorm                Conj/Ice       #.......     100%        4    #####..
 Passage of Golubria      Tloc           N/A          100%        4    #####..
 Summon Ice Beast         Ice/Summ       #.......     100%        4    #####..
 Summon Lightning Spire   Summ/Air       #.......     100%        4    #####..
 Lee's Rapid Deconstruct  Erth           #.........   100%        5    ######.
 Silence                  Hex/Air        #.........   100%        5    ######.
 Conjure Ball Lightning   Conj/Air       #.........   100%        6    #######
 Darkness                 Hex            #.........   100%        6    #######
 Freezing Cloud           Conj/Ice/Air   #.........   100%        6    #######
 Invisibility             Hex            #.......     100%        6    #######
 Ring of Flames           Chrm/Fire      #.........   100%        7    #######
 Tornado                  Air            #.........   100%        9    #######


Dungeon Overview and Level Annotations

Branches:
Dungeon (11/15)            Temple (1/1) D:7            Lair (5/6) D:8
 Shoals (1/4) Lair:4        Snake (0/4) Lair:2
  Slime: Lair:5-6       Orc: D:9-12

Altars:
Ashenzari
Cheibriados
Dithmenos
Elyvilon
Fedhas
Gozag
Hepliaklqana
Kikubaaqudgha
Makhleb
Nemelex Xobeh
Okawaru
Qazlal
Ru
Sif Muna
Trog
Uskayaw
Vehumet
Wu Jian
Xom
Yredelemnul
Zin
The Shining One

Shops:
D:6 *}   D:10 *

Annotations:
Lair:2 exclusion: 2 oklob plants


Message History

You feel sick. The bullfrog completely misses you.
You block the bullfrog's attack.
You feel sick. You block the bullfrog's attack.
You feel sick.
As you read the scroll of teleportation, it crumbles to dust.
You feel strangely unstable.
You feel sick. You block the bullfrog's attack. The crocodile bites you!
* * * LOW HITPOINT WARNING * * *
The bullfrog misses you.
The five-headed hydra bites you but does no damage.
The five-headed hydra bites you.
* * * LOW HITPOINT WARNING * * *
The five-headed hydra bites you but does no damage.
The five-headed hydra bites you.
* * * LOW HITPOINT WARNING * * *
The five-headed hydra bites you but does no damage.
The spiny frog barely misses you. You block the bullfrog's attack.
* * * LOW HITPOINT WARNING * * *
You feel sick. The crocodile bites you.
You die...

#........## .........P##
.P.. #...)......# .....
.....#....## ....
...........# ...
#..........####.####
............##...#.#
..............≈...## ..
..........≈@F†≈...P# P...
........≈≈≈≈t≈≈≈..≈# #....
........≈≈FFD≈†≈≈≈≈###......
...<....≈≈≈≈≈≈≈≈≈≈#.P.......
.......≈≈≈≈.<≈≈≈≈≈..........
##.....≈≈≈≈.≈≈≈≈...........
###..≈≈≈≈≈≈≈≈≈≈≈..........
#...≈≈≈≈≈≈≈≈............
#.....≈≈≈≈≈.≈...........


You could see a five-headed hydra, a spiny frog, a crocodile and 2 bullfrogs.

Vanquished Creatures
  4 hydras
  A two-headed ogre (D:10)
  4 black mambas
  An elephant (Lair:3)
  A torpor snail (Lair:3)
  2 rime drakes
  12 spiny frogs
  3 komodo dragons
  2 polar bears
  3 blink frogs (Lair:4)
  A hornet (D:9)
  A dream sheep (Lair:3)
  5 hippogriffs
  33 yaks
  A human (D:9)
  A vampire (D:10)
  A wyvern (Lair:4)
  3 basilisks
  Duvessa (D:7)
  9 porcupines
  4 phantoms
  2 orc warriors
  13 water moccasins
  An ice beast (D:9)
  6 ogres
  3 sky beasts
  A necrophage (D:10)
  3 black bears
  5 centaurs
  8 crocodiles
  11 bullfrogs
  A big kobold (D:8)
  Dowan (D:7)
  6 scorpions
  3 killer bees (D:8)
  8 wights
  2 howler monkeys
  6 crimson imps
  2 hounds
  2 bullfrog skeletons
  6 orc wizards
  5 orc priests
  A centaur skeleton (D:6)
  3 jellies
  Jessica (D:3)
  4 iguanas
  5 worker ants
  2 hound skeletons
  2 worker ant zombies
  9 adders
  4 shadow imps
  An adder zombie (D:7)
  An adder skeleton (D:9)
  5 dart slugs
  3 worms
  7 leopard geckos
  35 orcs
  4 bats
  6 giant cockroaches
  9 goblins
  5 hobgoblins
  12 jackals
  15 kobolds
  5 quokkas
  A ball python (Lair:2)
  4 frilled lizards
  A jackal skeleton (D:6)
  A leopard gecko skeleton (D:8)
  A leopard gecko zombie (D:8)
  27 rats
  2 plants
364 creatures vanquished.

Vanquished Creatures (others)
  A shadow imp (D:9)
  4 fungi
  A plant (Lair:3)
6 creatures vanquished.

Grand Total: 370 creatures vanquished

Notes
Turn   | Place    | Note
-------+----------+-------------------------------------------
     0 | D:1      | JarJarBinks the Merfolk Gladiator began the quest for the
                  | Orb.
     0 | D:1      | Reached XP level 1. HP: 16/16 MP: 1/1
    80 | D:1      | Reached XP level 2. HP: 23/23 MP: 2/2
   318 | D:1      | Reached XP level 3. HP: 25/29 MP: 3/3
   801 | D:2      | Reached skill level 5 in Dodging
  1153 | D:2      | Found a white marble altar of Elyvilon.
  1188 | D:2      | Reached XP level 4. HP: 33/35 MP: 4/4
  1404 | D:3      | Noticed Jessica
  1415 | D:3      | Killed Jessica
  1631 | D:3      | Reached XP level 5. HP: 16/42 MP: 5/5
  2108 | D:3      | Found a sparkling altar of Nemelex Xobeh.
  2556 | D:3      | Reached XP level 6. HP: 47/50 MP: 6/6
  2941 | D:3      | Reached skill level 5 in Fighting
  3683 | D:4      | Reached skill level 5 in Polearms
  3852 | D:4      | Reached XP level 7. HP: 51/57 MP: 7/7
  4306 | D:4      | Found an ornate altar of the Wu Jian Council.
  4306 | D:4      | Found an opulent altar of Gozag.
  4565 | D:4      | Reached skill level 6 in Polearms
  4844 | D:5      | Entered Level 5 of the Dungeon
  5275 | D:5      | Reached skill level 7 in Polearms
  5488 | D:5      | Found a blossoming altar of Fedhas.
  5792 | D:5      | Reached XP level 8. HP: 67/67 MP: 8/8
  5801 | D:5      | Reached skill level 8 in Polearms
  6283 | D:6      | Found a stormy altar of Qazlal.
  6283 | D:6      | Found a shimmering blue altar of Sif Muna.
  6360 | D:6      | Reached skill level 9 in Polearms
  6459 | D:6      | Found Mayqeipog's Gadget Emporium.
  6525 | D:6      | Found a hazy altar of Hepliaklqana.
  6757 | D:6      | Found Nuith's Assorted Antiques.
  6760 | D:6      | Bought a pair of glowing gloves for 217 gold pieces
  7023 | D:7      | Noticed a hippogriff
  7040 | D:7      | Killed a hippogriff
  7040 | D:7      | Reached skill level 10 in Polearms
  7040 | D:7      | Reached XP level 9. HP: 29/75 MP: 9/9
  7548 | D:7      | Found a staircase to the Ecumenical Temple.
  7584 | D:7      | Reached skill level 11 in Polearms
  7850 | Temple   | Entered the Ecumenical Temple
  8040 | D:7      | Noticed Duvessa
  8056 | D:7      | Noticed Dowan
  8059 | D:7      | Killed Duvessa
  8078 | D:7      | Killed Dowan
  8078 | D:7      | Reached skill level 10 in Fighting
  8879 | D:8      | Reached skill level 12 in Polearms
  9258 | D:8      | Found a staircase to the Lair.
  9341 | D:8      | Reached XP level 10. HP: 58/85 MP: 10/10
  9750 | D:8      | Reached skill level 13 in Polearms
 10828 | D:9      | Found a hide-covered altar of Uskayaw.
 11551 | D:9      | Reached skill level 1 in Shields
 11718 | D:9      | Found a basalt altar of Yredelemnul.
 11721 | D:9      | Found an iron altar of Okawaru.
 11725 | D:9      | Became a worshipper of Warmaster Okawaru
 11731 | D:9      | Found a burning altar of Makhleb.
 11818 | D:10     | Entered Level 10 of the Dungeon
 11855 | D:10     | Noticed a two-headed ogre
 11900 | D:10     | Killed a two-headed ogre
 11900 | D:10     | Reached skill level 14 in Polearms
 11900 | D:10     | Reached skill level 10 in Dodging
 12740 | D:10     | Reached * piety under Okawaru
 12748 | D:10     | HP: 2/85 [yak (10)]
 13564 | D:10     | Found Pesay's General Store.
 13567 | D:10     | Bought a scroll of enchant armour for 105 gold pieces
 14879 | D:10     | Reached XP level 11. HP: 92/92 MP: 11/11
 15443 | D:10     | Reached ** piety under Okawaru
 15910 | Lair:1   | Entered Level 1 of the Lair of Beasts
 15935 | Lair:1   | Reached skill level 5 in Shields
 16411 | Lair:1   | Noticed a seven-headed hydra
 16423 | Lair:1   | Killed a seven-headed hydra
 16722 | Lair:1   | Reached *** piety under Okawaru
 17156 | Lair:1   | Received a gift from Okawaru
 17794 | Lair:1   | Noticed an eight-headed hydra
 17804 | Lair:1   | Killed an eight-headed hydra
 17804 | Lair:1   | Reached **** piety under Okawaru
 18471 | Lair:2   | Found a dark tunnel.
 18518 | Lair:2   | Reached XP level 12. HP: 85/101 MP: 12/12
 18810 | Lair:2   | Found a staircase to the Snake Pit.
 18835 | Lair:2   | Reached ***** piety under Okawaru
 18835 | Lair:2   | Reached skill level 5 in Throwing
 21017 | Lair:3   | Noticed a five-headed hydra
 21026 | Lair:3   | Received a gift from Okawaru
 21043 | Lair:3   | Killed a five-headed hydra
 21257 | Lair:3   | Noticed a four-headed hydra
 21273 | Lair:3   | Killed a four-headed hydra
 21273 | Lair:3   | Received a gift from Okawaru
 21934 | Lair:4   | Found a staircase to the Shoals.
 21942 | Lair:4   | Reached skill level 10 in Shields
 22006 | Shoals:1 | Entered Level 1 of the Shoals
 22006 | Shoals:1 | Found a stormy altar of Qazlal.
 22006 | Shoals:1 | Noticed a merfolk aquamancer
 22010 | Shoals:1 | Noticed a merfolk avatar
 22281 | Lair:4   | Received a gift from Okawaru
 22364 | Lair:4   | Reached XP level 13. HP: 66/107 MP: 10/13
 23722 | Lair:5   | HP: 4/109 [five-headed hydra (5)]
 23723 | Lair:5   | Slain by a crocodile

Levels and vault maps discovered:
D:1:      heliophobic_arrival_henge, layout_rooms
D:2:      wander_river, layout_rooms, lemuel_doored_altar
D:3:      layout_loops_ring, lemuel_round_altar, first_ration, minmay_rat_hole,
          uniq_jessica
D:4:      layout_gridville, gammafunk_temple_overflow_elements
D:5:      layout_gridville, overflow_temple_1_default,
          minmay_misc_feat_more_columns
D:6:      layout_cave_pools, old_standard_altar, gammafunk_temple_overflow_wave,
          serial_shops, shop, kennysheep_mini_moat
D:7:      layout_loops_ring, minmay_temple_entry_waves, glass_columns_c,
          uniq_duvessa
D:8:      layout_rooms, dpeg_oklobed_lair
D:9:      layout_layer_cave, grunt_temple_overflow_diamond,
          overflow_temple_1_default, grunt_pizzeria
D:10:     layout_gridville, serial_shops, kennysheep_mini
D:11:     layout_rooms, uniq_erica
Temple:   eino_temple_lava
Lair:1:   layout_small_grid, beast_lair_carwin_3
Lair:2:   dpeg_oklob_gauntlet, layout_small_grid,
          minmay_snake_entry_six_corridors, enter_volcano_2
Lair:3:   layout_misc_corridors, minmay_shattered_shrine
Lair:4:   layout_roguey, minmay_shoals_entry_centaurs, minmay_lindwurm_lava
Lair:5:   cheibrodos_lair_river_kwai, layout_hall_layers,
          gauntlet_entry_generic, special_room [special_room_mythical_zoo],
          minivault_23, infiniplex_staircase_pool_2, grunt_megastairs_4
Shoals:1: layout_shoals, hangedman_feature_mirror

Skill      XL: |  1  2  3  4  5  6  7  8  9 10 11 12 13 |
---------------+----------------------------------------+-----
Fighting       | 3 4 5 7 8 10 11 12 | 12.7
Dodging        | 5 6 7 8 10 11 | 11.7
Polearms       | 5 7 10 12 14 | 14.3
Shields        | 3 7 10 | 10.4
Throwing       | 4 8 |  8.5

Action                   |  1- 3 |  4- 6 |  7- 9 | 10-12 | 13-15 || total
-------------------------+-------+-------+-------+-------+-------++-------
Melee: Trident           |   117 |   277 |   506 |   984 |   123 ||  2007
       Tailslap          |     1 |       |       |       |     4 ||     5
Throw: Javelin           |     6 |    12 |    41 |    44 |       ||   103
       Throwing net      |       |     2 |     5 |     3 |       ||    10
       Dart              |       |       |     7 |     8 |       ||    15
Invok: Heroism           |       |       |       |     2 |     1 ||     3
  Use: Scroll            |     3 |       |     2 |    24 |     1 ||    30
       Potion            |       |     1 |     5 |       |       ||     6
 Stab: Held in net/web   |       |       |     2 |     4 |       ||     6
       Sleeping          |       |       |       |       |     1 ||     1
  Eat: Chunk             |       |     3 |     2 |     4 |       ||     9
       Ration            |       |     2 |     5 |    11 |     1 ||    19
Armor: Leather armour    |    39 |     6 |       |       |       ||    45
       Ring mail         |       |    68 |   105 |   175 |    17 ||   365
Dodge: Dodged            |   128 |   223 |   354 |   508 |    47 ||  1260
Block: Buckler           |       |       |       |    50 |       ||    50
       Kite shield       |       |       |       |   258 |    71 ||   329

Table legend:
 A = Non-vault XP
 B = Vault XP
 C = Vault XP percentage of total XP
 D = Non-vault monster count
 E = Vault monster count
 F = Vault count percentage of total count
                 A         B        C        D         E       F
            +---------+---------+-------+---------+---------+-------
      Total |   28378 |    8201 |  22.4 |     309 |      53 |  14.6
            +---------+---------+-------+---------+---------+-------
        D:1 |      46 |       0 |   0.0 |      25 |       0 |   0.0
        D:2 |      46 |       0 |   0.0 |      17 |       0 |   0.0
        D:3 |     265 |      57 |  17.7 |      42 |      20 |  32.3
        D:4 |     372 |       0 |   0.0 |      19 |       0 |   0.0
        D:5 |     679 |       0 |   0.0 |      14 |       0 |   0.0
        D:6 |     621 |       0 |   0.0 |      14 |       0 |   0.0
        D:7 |    1496 |     230 |  13.3 |      22 |       2 |   8.3
        D:8 |    1319 |       0 |   0.0 |      36 |       0 |   0.0
        D:9 |    1619 |     210 |  11.5 |      21 |       1 |   4.5
       D:10 |    3806 |       0 |   0.0 |      22 |       0 |   0.0
     Lair:1 |    6199 |    1039 |  14.4 |      21 |       4 |  16.0
     Lair:2 |    2738 |    1825 |  40.0 |      14 |      12 |  46.2
     Lair:3 |    2411 |    4507 |  65.1 |      10 |      11 |  52.4
     Lair:4 |    5634 |     333 |   5.6 |      28 |       3 |   9.7
     Lair:5 |    1127 |       0 |   0.0 |       4 |       0 |   0.0
            +---------+---------+-------+---------+---------+-------
